 Dungeon Crawl Stone Soup version 0.29.1-2-gbd0b4ee654 (webtiles) character file.

Game seed: 6334740121932172593

51 Mitcholas the Cudgeller (level 3, -5/31 HPs)
             Began as a Minotaur Berserker on Nov 12, 2022.
             Was a Follower of Trog.
             Slain by Sigmund
             ... wielding a +0 scythe
              (6 damage)
             ... on level 2 of the Dungeon.
             The game lasted 00:03:48 (1549 turns).

Mitcholas the Cudgeller (Minotaur Berserker)        Turns: 1549, Time: 00:03:49

Health: -5/31      AC:  6    Str: 23    XL:     3   Next: 58%
Magic:  2/2        EV: 11    Int:  4    God:    Trog [*.....]
Gold:   148        SH:  0    Dex:  9    Spells: 2/2 levels left

rFire   . . .      SeeInvis .   m - +2 whip (holy)
rCold   . . .      Faith    .   (no shield)
rNeg    . . .      Spirit   .   r - +0 ring mail
rPois   .          Reflect  .   (helmet restricted)
rElec   .          Harm     .   (no cloak)
rCorr   .          Rampage  .   (no gloves)
Will    .....                   d - +0 pair of boots
Stlth   ..........              (no amulet)
HPRegen 0.10/turn               (no ring)
MPRegen 0.08/turn               (no ring)

@: confused, on berserk cooldown
A: horns 2, retaliatory headbutt
a: Renounce Religion, Berserk


You were on level 2 of the Dungeon.
You worshipped Trog.
Trog was aware of your devotion.
You visited 1 branch of the dungeon, and saw 2 of its levels.

You collected 148 gold pieces.

Inventory:

Hand Weapons
 m - a +2 whip of holy wrath (weapon)
Missiles
 g - 4 poisoned darts (quivered)
Armour
 d - a +0 pair of boots (worn)
 r - a +0 ring mail (worn)
Jewellery
 i - a ring of ice
Scrolls
 a - a scroll of enchant weapon {unknown}
 b - a scroll of blinking {unknown}
 f - 2 scrolls of teleportation {unknown}
 h - a scroll of identify {unknown}
 j - 2 scrolls of vulnerability {unknown}
 q - a scroll of magic mapping {unknown}
Potions
 c - 3 potions of heal wounds {unknown}
 e - 3 potions of might {unknown}
 k - a potion of brilliance {unknown}
 l - a potion of ambrosia {unknown}
 o - a potion of mutation {unknown}
 p - a potion of degeneration {unknown}


   Skills:
 - Level 3.6 Fighting
 + Level 5.6 Maces & Flails
 - Level 2.4 Armour
 - Level 2.1 Dodging


You had 2 spell levels left.
You didn't know any spells.
Your spell library was empty.

Dungeon Overview and Level Annotations

Branches:
Dungeon (2/15)

Altars:

Annotations:
D:2 Sigmund


Innate Abilities, Weirdness & Mutations

You have a pair of horns on your head.
You reflexively headbutt those who attack you in melee.


Message History

You miss Sigmund. Your headbutt misses Sigmund.
You feel less confused. Sigmund closely misses you.
Okay, then.
You hit Sigmund.
Sigmund is lightly wounded.
Sigmund barely misses you. You furiously retaliate!
You headbutt Sigmund. You closely miss Sigmund.
Sigmund is moderately wounded.
Sigmund gestures at you while chanting.
You are confused.
You hit Sigmund.
Sigmund is heavily wounded.
Sigmund hits you with a +0 scythe!
You barely miss Sigmund.
Sigmund is heavily wounded.
Sigmund closely misses you.
You're too confused to move!
Sigmund mumbles some strange words.
Sigmund flickers and vanishes!
Deactivating autopickup; reactivate with Ctrl-A.
You feel less confused. Something hits you but does no damage.
You hit something. Something hits you!
You closely miss something. You headbutt something. Something hits you.
You miss something. You punch something. Something hits you but does no damage.
You hit something. You barely miss something.
Something hits you but does no damage.
You closely miss something. Your headbutt misses something. Something hits you.
You closely miss something. Your headbutt misses something. Something hits you.
* * * LOW HITPOINT WARNING * * *
You hit something.
You feel yourself speed up.
You hear some strange, mumbled words.
You are confused.
You barely miss something. Something hits you!
* * * LOW HITPOINT WARNING * * *
You bump into the rock wall.
Something hits you but does no damage. Something hits you.
You die...

........#.. ........#.
.@...... ...... #...#
#...# ### #...#
...####...############
..........'...{.@...>#
##.###....#####..##.$...
#.###....'..##.### ...
#........#####.#<# .
#####.##.# #.#.#
#.....#.# #.#.#
#.#####.# #..#.# #.#
.... #.##.# #.# #..#
#.##.#


There were no monsters in sight!

Vanquished Creatures
  2 adders (D:2)
  4 endoplasms
  2 giant cockroaches (D:2)
  3 goblins (D:1)
  A quokka (D:2)
  3 ball pythons
  7 bats
  4 frilled lizards
  3 kobolds (D:1)
  5 rats
34 creatures vanquished.

Notes
Turn   | Place    | Note
-------+----------+-------------------------------------------
     0 | D:1      | Mitcholas the Minotaur Berserker began the quest for the
                  | Orb.
     0 | D:1      | Reached XP level 1. HP: 19/19 MP: 0/0
   113 | D:1      | Reached skill level 4 in Maces & Flails
   130 | D:1      | Reached XP level 2. HP: 12/26 MP: 1/1
   365 | D:1      | Found a faded altar of an unknown god.
   908 | D:2      | Reached skill level 5 in Maces & Flails
   908 | D:2      | Reached XP level 3. HP: 25/31 MP: 2/2
  1265 | D:2      | Identified the +0 leather armour of the Pit {Int+5}
  1509 | D:2      | Noticed Sigmund
  1546 | D:2      | HP: 1/31 [something (7)]
  1549 | D:2      | Slain by Sigmund

Illustrated notes

Levels and vault maps discovered:
D:1:      nicolae_arrival_somewhat_less_tricky_arrival, layout_rooms,
          hellmonk_ecumenical_altar_lost_god
D:2:      layout_basic, minmay_split_cup_small, uniq_sigmund

Skill      XL: |  1  2 |
---------------+-------+-----
Maces & Flails | 4 5 |  5.6
Fighting       | |  3.6
Armour         | |  2.4
Dodging        | |  2.1

Action                   || total
-------------------------++-------
Melee: Mace              ||    28
       Whip              ||    69
       Headbutt          ||     9
       Punch             ||     1
Invok: Berserk           ||     2
 Stab: Sleeping          ||     1
Armor: Animal skin       ||    12
       Leather armour    ||    10
       Ring mail         ||     5
Dodge: Dodged            ||    53
